 Dungeon Crawl Stone Soup version 0.29-a0-834-g1e95ca9f62 (webtiles) character file.

Game seed: 2214751911135715587

233 kevlar127 the Ruffian (level 5, -10/54 HPs)
             Began as a Troll Berserker on July 13, 2022.
             Was a Believer of Trog.
             Mangled by an ogre
             ... wielding a +0 giant spiked club
              (21 damage)
             ... on level 4 of the Dungeon.
             The game lasted 00:04:24 (2328 turns).

kevlar127 the Ruffian (Troll Berserker)             Turns: 2328, Time: 00:04:25

Health: -10/54     AC:  5    Str: 27    XL:     5   Next: 75%
Magic:  4/4        EV: 10    Int:  3    God:    Trog [**....]
Gold:   169        SH:  0    Dex:  9    Spells: 4/4 levels left

rFire   + . .      SeeInvis .     - Unarmed
rCold   . . .      Faith    .   (no shield)
rNeg    . . .      Spirit   .   a - +0 animal skin
rPois   .          Reflect  .   (helmet restricted)
rElec   .          Harm     .   h - +0 cloak
rCorr   .          Rampage  .   (gloves unavailable)
Will    ++...                   (boots unavailable)
Stlth   +.........              s - amulet of the acrobat
HPRegen 1.98/turn               o - ring of protection from fire
MPRegen 0.09/turn               (no ring)

@: strong-willed, on berserk cooldown, regenerating, slowed, very slow
A: large, unfitting armour, claws 3, regeneration 1, shaggy fur 1, tough skin 1
a: Renounce Religion, Berserk, Trog's Hand


You were on level 4 of the Dungeon.
You worshipped Trog.
Trog was pleased with you.
You visited 1 branch of the dungeon, and saw 4 of its levels.

You collected 169 gold pieces.

Inventory:

Missiles
 d - 45 stones (quivered)
 g - 4 poisoned darts
 p - 5 boomerangs
Armour
 a - a +0 animal skin (worn)
 h - a +0 cloak (worn)
Jewellery
 n - a ring of fire
 o - a ring of protection from fire (left claw)
 r - a ring of fire
 s - an amulet of the acrobat (around neck)
Scrolls
 c - a scroll of amnesia {unknown}
 e - 2 scrolls of fear {unknown}
 f - a scroll of torment {unknown}
 j - a scroll of blinking {unknown}
 k - a scroll of vulnerability {unknown}
 l - 4 scrolls of immolation {unknown}
 m - 3 scrolls of identify {unknown}
 t - a scroll of summoning {unknown}
Potions
 b - a potion of attraction {unknown}
 i - a potion of might {unknown}
 q - a potion of brilliance {unknown}


   Skills:
 + Level 4.2 Fighting
 - Level 2.4 Dodging
 + Level 5.0 Unarmed Combat


You had 4 spell levels left.
You didn't know any spells.
Your spell library was empty.

Dungeon Overview and Level Annotations

Branches:
Dungeon (4/15)
 Temple: D:4-7

Altars:
Dithmenos
Wu Jian


Innate Abilities, Weirdness & Mutations

You are too large for most types of armour.
You have claws for hands.
Your natural rate of healing is unusually fast.
You are covered in fur. (AC +1)
You have tough skin. (AC +1)


Message History

The dart slug launches a dart at you. The slug dart hits you.
* * * LOW HITPOINT WARNING * * *
You closely miss the giant cockroach.
The giant cockroach bites you but does no damage.
The jackal bites you but does no damage.
The gnoll hits you from afar with a +0 spear of distortion.
* * * LOW HITPOINT WARNING * * *
Space warps around you.
* * * LOW HITPOINT WARNING * * *
The gnoll closely misses you.
You claw the jackal!
You kill the jackal!
Trog accepts your kill.
You are no longer berserk.
You are exhausted.
You feel yourself slow down. The giant cockroach bites you.
* * * LOW HITPOINT WARNING * * *
You claw the gnoll bouda!
The gnoll bouda is heavily wounded.
The gnoll hits you from afar with a +0 spear of distortion.
* * * LOW HITPOINT WARNING * * *
You blink.
An ogre comes into view. It is wielding a +0 giant spiked club.
The dart slug launches a dart at you. The slug dart hits you.
* * * LOW HITPOINT WARNING * * *
Your skin crawls.
You feel strong-willed.
The ogre shouts!
The dart slug launches a dart at you. The slug dart misses you.
The gnoll bouda mumbles some strange prayers to its god.
The gnoll bouda is healed somewhat.
You're still recovering from your berserk rage.
Unknown command.
You scratch the ogre but do no damage. The gnoll misses you.
The gnoll barely misses you.
The ogre hits you with a +0 giant spiked club!!
You die...

... ### ... ..
#........#
#.####........#
....#........# .
............##..
..#####..B..w......K .#
#.....O@##...g....# ...
##......g..g.....###...
#.......gg....K.....>..
#.............†.......)
.......................
............[.<).......
.......................
#..........#...$.......
........!.#...........


You could see an ogre, a gnoll bouda, 3 gnolls, a dart slug, a giant cockroach
and a kobold.

Vanquished Creatures
  An ogre (D:4)
  An orc priest (D:3)
  An orc wizard (D:3)
  Terence (D:2)
  2 adders (D:2)
  2 worms
  An orc (D:3)
  3 ball pythons
  5 endoplasms
  2 giant cockroaches
  8 goblins
  5 hobgoblins
  2 jackals (D:4)
  3 quokkas
  5 bats
  3 frilled lizards
  4 kobolds
  5 rats
54 creatures vanquished.

Notes
Turn   | Place    | Note
-------+----------+-------------------------------------------
     0 | D:1      | kevlar127 the Troll Berserker began the quest for the Orb.
     0 | D:1      | Reached XP level 1. HP: 22/22 MP: 0/0
   219 | D:1      | Reached XP level 2. HP: 26/29 MP: 1/1
   403 | D:1      | Reached ** piety under Trog
   823 | D:2      | Noticed Terence
   826 | D:2      | Killed Terence
   827 | D:2      | Reached XP level 3. HP: 37/37 MP: 2/2
  1038 | D:2      | Found a faded altar of an unknown god.
  1109 | D:2      | Reached skill level 4 in Unarmed Combat
  1361 | D:2      | Reached XP level 4. HP: 43/45 MP: 3/3
  1697 | D:3      | Reached XP level 5. HP: 52/54 MP: 4/4
  1701 | D:3      | Found an ornate altar of the Wu Jian Council.
  1701 | D:3      | Found a shadowy altar of Dithmenos.
  2310 | D:4      | Noticed an ogre
  2317 | D:4      | Killed an ogre
  2318 | D:4      | Reached skill level 5 in Unarmed Combat
  2325 | D:4      | Noticed an ogre
  2325 | D:4      | HP: 2/54 [dart slug/slug dart (3)]
  2328 | D:4      | Mangled by an ogre

Illustrated notes

Levels and vault maps discovered:
D:1:      dpeg_arrival_simpleton_c, layout_basic, minmay_pentomino_q4
D:2:      layout_rooms, hellmonk_ecumenical_altar_inner_sanctum, uniq_terence
D:3:      layout_basic, mainiacjoe_overflow_divided_tiny
D:4:      layout_rooms, minitemple, minmay_misc_feat_x, minivault_26

Skill      XL: |  1  2  3  4  5 |
---------------+----------------+-----
Fighting       | 3 4 |  4.2
Unarmed Combat | 4 5 |  5.0
Dodging        | |  2.4

Action                   |  1- 3 |  4- 6 || total
-------------------------+-------+-------++-------
Melee: Unarmed           |    99 |    49 ||   148
       Punch             |     2 |     2 ||     4
Invok: Berserk           |     1 |     1 ||     2
       Trog's Hand       |       |     1 ||     1
 Stab: Sleeping          |       |     1 ||     1
Armor: Animal skin       |    44 |    21 ||    65
Dodge: Dodged            |    50 |    21 ||    71

Table legend: (Time is in decaauts)
 A = Elapsed time spent in this place.
 B = Non-inter-level travel time spent in this place.
 C = Inter-level travel time spent in this place.
 D = Time resting spent in this place.
 E = Time spent auto-exploring this place.
 F = Levels seen in this place.
 G = Mean time per level.
                   A        B        C        D        E       F      G
               +--------+--------+--------+--------+--------+-----+--------+
         Total |   2328 |   2226 |    102 |    328 |   1551 |   4 |  582.0 |
       Dungeon |   2328 |   2226 |    102 |    328 |   1551 |   4 |  582.0 |
               +--------+--------+--------+--------+--------+-----+--------+

Top non-repeatable levels by time:
     D:1: 819 daAuts
     D:2: 787 daAuts
     D:3: 705 daAuts
     D:4: 15 daAuts
